Map: Rhoskallian LE

Players

Ekelpack - Winner!

  • Race: Zerg Zerg
  • Spawn Location: 11:00

Nyck - Winner!

  • Race: Terran Terran
  • League: Silver
  • Spawn Location: 12:00

MrRager

  • Race: Zerg Zerg
  • Spawn Location: 5:00

Gilevra

  • Race: Terran Terran
  • Spawn Location: 6:00

VOD

Have the link to the VOD?

Description

Time

  • Played on: Oct. 29, 2024, 2:57 p.m.
  • Length: 15:48
Show
View Real Time Build Order
Export as new Build Order

Ekelpack Zerg - Winner!

Build Orders: Hatch First 

Get SALT Encoding   

  12  0:00  Drone  
  13  0:13  Overlord  
  13  0:18  Drone  
  14  0:32  Drone  
  15  0:50  Drone  
  15  0:51  Hatchery  
  15  0:55  Drone  
  16  1:09  Spawning Pool  
  15  1:13  Drone  
  15  1:15  Extractor  
  16  1:18  Drone  
  16  1:21  Drone  
  16  1:25  Drone  
  18  1:38  Drone  
  19  1:47  Drone  
  20  1:57  Queen  
  22  2:03  Queen  
  22  2:07  Drone  
  25  2:12  Overlord  
  25  2:15  Drone  
  26  2:19  Drone  
  27  2:24  Drone  
  28  2:33  Lair  
  28  2:36  Drone  
  29  2:38  Drone  
  29  2:40  Extractor  
  29  2:49  Queen  
  32  2:51  Drone  
  32  2:52  Overlord  
  32  2:57  Metabolic Boost  
  32  3:00  Drone  
  33  3:07  Drone x3  
  36  3:13  Overlord  
  36  3:14  Drone  
  36  3:18  Extractor  
  37  3:20  Drone  
  37  3:25  Extractor  
  37  3:26  Drone  
  37  3:37  Spire  
  36  3:45  Drone x4  
  40  3:49  Drone  
  40  3:50  Drone  
  40  3:51  Overlord  
  42  4:01  Drone  
  43  4:12  Zergling x2  
  43  4:13  Zergling x12  
  50  4:21  Spine Crawler  
  50  4:24  Zergling x2  
  50  4:46  Drone x2, Overlord  
  50  4:47  Overlord  
  50  4:50  Zerg Flyer Weapons Level 1  
  52  5:01  Overlord  
  52  5:07  Mutalisk x4  
  52  5:09  Mutalisk  
  62  5:14  Mutalisk x3  
  62  5:20  Mutalisk  
  62  5:21  Mutalisk  
  72  5:31  Mutalisk x2  
  76  5:37  Overlord  
  76  5:50  Overlord  
  76  5:57  Hatchery  
  75  6:04  Zergling x8  
  75  6:05  Zergling x6  
  82  6:35  Mutalisk x3  
  82  6:36  Mutalisk x2  
  90  6:58  Mutalisk  
  90  7:00  Overlord x3  
  84  7:31  Mutalisk x2  
  84  7:32  Mutalisk x6  
  100  7:43  Drone x2  
  102  7:44  Overlord x2  
  102  7:50  Infestation Pit  
  101  8:10  Drone  
  101  8:11  Drone x6  
  101  8:12  Drone x4  
  112  8:14  Extractor  
  112  8:16  Overlord, Extractor  
  110  8:24  Drone x4  
  110  8:25  Drone x2  
  114  8:55  Zerg Flyer Weapons Level 2, Hive  
  114  9:06  Evolution Chamber  
  114  9:07  Drone x2  
  114  9:08  Evolution Chamber  
  114  9:12  Overlord x2  
  114  9:16  Zergling x6  
  114  9:17  Zergling x12  
  119  9:18  Zergling x10  
  126  9:32  Hatchery  
  123  9:38  Overseer  
  123  9:42  Overlord  
  121  10:09  Zerg Melee Weapons Level 1  
  121  10:10  Zerg Ground Armor Level 1  
  121  10:17  Zergling x4  
  121  10:18  Zergling x12  
  121  10:19  Zergling x12  
  121  10:20  Zergling x14  
  121  10:21  Zergling x2  
  124  10:46  Drone x4  
  124  10:47  Drone x7  
  124  10:48  Drone x2  
  136  10:52  Adrenal Glands  
  136  10:57  Ultralisk Cavern  
  136  11:01  Overlord x5  
  136  11:02  Overlord  
  135  11:15  Extractor  
  135  11:18  Zerg Flyer Weapons Level 3  
  134  11:20  Extractor  
  131  11:39  Queen  
  129  11:58  Chitinous Plating  
  129  12:00  Ultralisk x5  
  159  12:05  Zerg Melee Weapons Level 2  
  159  12:07  Zerg Ground Armor Level 2  
  159  12:37  Ultralisk x3  
  159  12:38  Ultralisk x2  
  189  12:55  Overseer  
  189  13:05  Ultralisk  
  194  13:08  Zergling x12  
  194  13:09  Zergling x8  
  195  13:17  Anabolic Synthesis  
  172  13:38  Ultralisk x3  
  172  13:39  Zergling x12  
  172  13:40  Zergling x12  
  192  13:55  Zergling x10  
  188  13:56  Zergling x12  
  188  13:57  Zergling x4  
  151  14:08  Zergling x2, Ultralisk x2  
  151  14:09  Zergling x8  
  138  14:26  Zergling x2  
  138  14:27  Zergling x10  
  128  14:39  Zergling x2, Ultralisk x3  
  128  14:40  Zergling x2  
  128  14:43  Queen  
  150  14:50  Zergling x4, Ultralisk  
  150  14:51  Zergling x2  
  146  15:46  Hatchery  
Show
View Real Time Build Order
Export as new Build Order

Nyck Terran - Winner!

Build Orders:  

Get SALT Encoding   

  12  0:00  SCV  
  13  0:12  SCV  
  14  0:20  Supply Depot  
  14  0:25  SCV  
  15  0:40  Refinery  
  15  0:41  SCV  
  16  0:47  Barracks  
  16  0:54  SCV  
  17  1:07  SCV  
  18  1:19  SCV, Refinery  
  19  1:34  Orbital Command  
  19  1:43  Factory  
  19  1:53  Barracks Reactor  
  19  2:00  SCV  
  20  2:13  Command Center  
  20  2:18  SCV  
  20  2:22  Supply Depot  
  21  2:37  Starport  
  21  2:38  SCV  
  22  2:44  Barracks Tech Lab  
  22  2:50  Hellion  
  24  2:52  Hellion  
  24  2:55  SCV  
  27  3:10  SCV  
  27  3:12  Hellion  
  30  3:20  Supply Depot  
  30  3:21  Hellion  
  30  3:22  Starport Reactor  
  30  3:25  SCV  
  33  3:35  Orbital Command  
  33  3:47  SCV  
  34  3:57  Supply Depot  
  34  3:58  Medivac  
  34  3:59  SCV  
  34  4:01  Marine  
  38  4:19  Marine  
  37  4:39  SCV x2  
  37  4:44  Command Center  
  39  4:47  Refinery  
  39  4:50  Refinery  
  39  4:51  SCV x2, Hellion  
  43  4:53  Hellion  
  45  5:02  Medivac  
  45  5:04  Medivac  
  45  5:06  Barracks Tech Lab  
  49  5:19  SCV x2  
  51  5:22  Supply Depot  
  51  5:31  SCV x2  
  53  5:37  Infernal Pre-Igniter  
  53  5:39  Combat Shield  
  53  5:43  SCV x2, Medivac  
  53  5:44  Marine, Medivac  
  60  6:06  SCV x2  
  62  6:15  Marine  
  63  6:18  SCV x2  
  63  6:19  Cyclone  
  63  6:21  Medivac x2  
  71  6:30  SCV  
  71  6:31  SCV, Barracks  
  73  6:33  Marine  
  73  6:34  Engineering Bay  
  73  6:37  Engineering Bay  
  74  6:51  Cyclone  
  76  6:58  Stimpack  
  76  7:00  Armory  
  68  7:21  SCV x2  
  68  7:22  Orbital Command  
  68  7:30  Cyclone  
  68  7:31  Marine  
  68  7:33  SCV  
  68  7:34  SCV  
  73  7:40  Barracks  
  73  7:43  Supply Depot  
  73  7:45  Supply Depot, SCV  
  73  7:46  SCV  
  73  7:48  SCV  
  73  7:49  Marine  
  77  7:58  SCV x2, Refinery  
  79  7:59  Terran Infantry Weapons Level 1  
  79  8:00  SCV, Terran Infantry Armor Level 1, Command Center  
  79  8:01  Terran Vehicle And Ship Armor Level 1  
  79  8:02  Armory  
  79  8:03  Cyclone  
  82  8:07  Marine  
  82  8:10  SCV x2  
  85  8:12  SCV  
  86  8:21  Supply Depot  
  86  8:22  SCV x2  
  86  8:24  Supply Depot  
  86  8:25  Marine x2  
  86  8:26  Marine  
  91  8:32  Liberator x2  
  97  8:35  Cyclone  
  97  8:37  SCV x2  
  97  8:38  SCV  
  102  8:43  Supply Depot  
  102  8:46  Supply Depot  
  102  8:49  SCV x2  
  102  8:50  SCV  
  102  8:55  Barracks Reactor  
  105  9:01  SCV, Starport  
  105  9:02  SCV  
  107  9:04  Starport  
  107  9:05  Supply Depot  
  107  9:08  Starport  
  107  9:09  Supply Depot  
  107  9:11  Starport  
  107  9:17  Orbital Command, Fusion Core  
  107  9:20  Refinery  
  107  9:23  SCV x2  
  107  9:24  SCV, Marine  
  110  9:25  Marine x2  
  110  9:28  Cyclone  
  115  9:31  Viking x2  
  115  9:32  Supply Depot  
  119  9:42  SCV, Marine  
  119  9:43  SCV x2  
  123  9:54  Orbital Command  
  123  9:56  Supply Depot  
  123  10:00  Cyclone  
  125  10:18  Starport Tech Lab x4  
  125  10:20  Terran Vehicle And Ship Armor Level 2  
  125  10:22  Terran Ship Weapons Level 1, Terran Infantry Weapons Level 2  
  125  10:23  Terran Infantry Armor Level 2  
  125  10:53  Cyclone  
  127  11:00  Marine  
  127  11:01  Marine x4  
  132  11:09  Battlecruiser x3  
  150  11:14  Refinery  
  150  11:15  SCV  
  150  11:16  SCV x3, Refinery  
  150  11:18  Marine  
  154  11:19  Marine x4  
  154  11:25  Cyclone  
  157  11:36  Marine x5  
  162  11:46  Supply Depot, Caduceus Reactor  
  162  11:54  Marine x5  
  162  11:58  Supply Depot  
  162  11:59  Supply Depot  
  167  12:02  SCV x3  
  170  12:12  Marine  
  170  12:14  SCV  
  172  12:23  Supply Depot  
  172  12:38  SCV x4  
  172  12:43  Weapon Refit  
  176  12:50  Supply Depot  
  176  12:56  Command Center  
  176  12:57  Command Center  
  176  13:15  Command Center  
  176  13:18  Battlecruiser x3  
  186  13:41  Viking x2  
  185  14:11  Viking x2  
  189  14:22  Viking  
Show
View Real Time Build Order
Export as new Build Order

MrRager Zerg 

Build Orders: Hatch First, Lurkers 

Get SALT Encoding   

  12  0:02  Drone  
  13  0:12  Drone  
  14  0:19  Overlord  
  14  0:38  Drone x3  
  17  0:56  Drone  
  18  1:03  Hatchery, Drone  
  18  1:15  Spawning Pool  
  18  1:17  Extractor  
  16  1:21  Drone  
  17  1:30  Drone  
  18  1:33  Drone  
  19  1:47  Overlord  
  19  1:58  Drone  
  19  1:59  Extractor  
  19  2:03  Queen  
  19  2:06  Drone  
  22  2:15  Queen  
  22  2:17  Drone x2  
  26  2:32  Drone x2  
  28  2:42  Spore Crawler  
  27  2:45  Lair  
  27  2:46  Zergling x4  
  29  3:28  Zergling x14  
  36  3:38  Spore Crawler  
  35  3:41  Hatchery  
  35  3:46  Overseer  
  34  3:50  Metabolic Boost  
  34  3:51  Drone  
  34  3:52  Drone  
  34  3:53  Hydralisk Den  
  35  3:57  Drone  
  35  4:02  Overlord  
  33  4:19  Drone  
  33  4:20  Drone x2  
  33  4:21  Drone  
  33  4:22  Drone  
  35  4:26  Drone x2  
  35  4:37  Drone  
  35  4:38  Drone x2  
  37  4:40  Drone  
  37  4:45  Muscular Augments  
  38  4:48  Overseer  
  38  4:55  Pneumatized Carapace  
  38  4:57  Drone x2  
  40  5:03  Drone  
  40  5:04  Drone x3  
  44  5:12  Lurker Den  
  43  5:15  Spine Crawler  
  42  5:25  Extractor  
  42  5:27  Extractor  
  40  5:31  Drone  
  40  5:32  Drone x4  
  45  5:35  Spine Crawler  
  45  5:41  Spine Crawler  
  43  5:43  Overlord, Hydralisk x2  
  47  5:51  Grooved Spines  
  47  5:53  Spore Crawler  
  47  5:56  Spore Crawler  
  45  6:00  Spore Crawler x2  
  43  6:05  Spore Crawler, Drone  
  43  6:06  Drone x2  
  45  6:14  Drone x4  
  49  6:27  Hydralisk x3  
  55  6:40  Spore Crawler  
  55  6:43  Spore Crawler, Hydralisk x2  
  55  6:47  Lurker  
  58  6:50  Overlord  
  58  7:05  Overlord  
  54  7:25  Hydralisk x8  
  66  7:32  Evolution Chamber  
  66  7:35  Evolution Chamber  
  64  7:40  Drone  
  64  7:41  Drone x4  
  69  7:52  Lurker x2  
  71  8:07  Overlord x3  
  71  8:09  Extractor  
  71  8:11  Extractor  
  69  8:23  Zerg Missile Weapons Level 1  
  69  8:28  Zerg Ground Armor Level 1  
  69  8:29  Nydus Network  
  69  8:33  Drone, Infestation Pit  
  70  8:34  Drone x8  
  70  8:41  Drone x3  
  79  8:54  Overseer  
  79  8:55  Nydus Network  
  78  9:10  Spore Crawler, Hive  
  77  9:17  Spore Crawler, Drone  
  77  9:18  Drone x5  
  77  9:22  Overlord  
  77  9:24  Nydus Network  
  81  9:39  Overlord x3  
  81  9:40  Overlord  
  81  9:46  Spore Crawler  
  80  9:59  Overseer  
  80  10:07  Spore Crawler  
  80  10:08  Burrow  
  80  10:13  Hydralisk x5  
  80  10:14  Hydralisk x5  
  99  10:26  Overlord x2  
  99  10:27  Hydralisk x2  
  103  10:40  Adaptive Talons  
  103  10:41  Zerg Missile Weapons Level 2  
  103  10:53  Lurker x5  
  103  10:54  Lurker x2  
  110  11:05  Nydus Canal  
  110  11:06  Nydus Canal  
  110  11:11  Hydralisk x4  
  118  11:25  Hydralisk  
  118  11:26  Hydralisk x3  
  124  11:37  Seismic Spines  
  120  11:56  Nydus Canal x2  
  120  12:01  Hydralisk x5  
  120  12:03  Overlord x4  
  130  12:11  Nydus Canal  
  130  12:12  Nydus Canal  
  130  12:17  Overseer  
  130  12:20  Zerg Ground Armor Level 2  
  130  12:25  Drone  
  130  12:26  Drone x5  
  136  12:39  Nydus Canal  
  136  12:40  Nydus Canal  
  136  12:41  Hatchery  
  135  12:47  Hydralisk  
  135  12:48  Hydralisk  
  121  13:13  Hydralisk x8  
  137  13:26  Lurker x3  
  140  13:56  Nydus Canal x2  
  140  13:57  Hydralisk  
  140  13:58  Hydralisk x8  
  119  14:13  Hydralisk  
  119  14:14  Hydralisk x2  
  123  14:32  Nydus Canal  
  123  14:35  Hydralisk x4  
  116  14:46  Nydus Canal  
  97  15:06  Hydralisk x3  
  97  15:07  Hydralisk x3  
Show
View Real Time Build Order
Export as new Build Order

Gilevra Terran 

Build Orders: Mech 

Get SALT Encoding   

  12  0:00  SCV  
  13  0:13  SCV  
  14  0:24  Supply Depot  
  14  0:25  SCV  
  15  0:31  Refinery  
  15  0:46  SCV  
  15  0:48  Barracks  
  16  0:58  SCV  
  16  1:02  Refinery  
  17  1:12  SCV  
  18  1:24  SCV  
  19  1:35  Supply Depot  
  19  1:36  SCV, Marine  
  21  1:43  Factory  
  21  1:52  SCV  
  22  1:54  Marine  
  22  2:01  Supply Depot  
  23  2:05  SCV  
  24  2:14  Bunker  
  24  2:20  Marine  
  25  2:23  SCV  
  26  2:39  Factory Tech Lab  
  26  2:41  Supply Depot, SCV  
  27  2:48  Marine  
  28  2:54  Orbital Command  
  28  3:02  Siege Tank  
  31  3:30  Command Center, Barracks Reactor  
  31  3:45  Siege Tank  
  31  3:46  SCV  
  35  3:58  SCV  
  36  4:05  Factory  
  36  4:06  Marine  
  37  4:10  SCV  
  37  4:16  Engineering Bay  
  38  4:22  SCV  
  38  4:23  Siege Tank  
  42  4:25  Marine x2  
  44  4:41  SCV  
  44  4:43  Marine x2  
  47  4:48  SCV  
  47  4:50  Factory Tech Lab  
  48  4:53  SCV  
  48  4:59  Missile Turret  
  49  5:00  SCV  
  49  5:01  Marine x2  
  49  5:05  Siege Tank  
  49  5:06  SCV, Missile Turret  
  56  5:14  Siege Tank  
  56  5:18  Marine  
  60  5:24  SCV  
  62  5:29  Orbital Command  
  62  5:34  Missile Turret  
  61  5:37  Supply Depot  
  61  5:43  SCV  
  61  5:45  Refinery  
  62  5:51  Refinery  
  62  5:58  SCV x2  
  62  6:00  Missile Turret x2  
  62  6:02  Supply Depot  
  64  6:08  Starport  
  64  6:10  SCV x2  
  66  6:11  Marine x2  
  66  6:12  Factory  
  65  6:22  SCV  
  63  6:29  Widow Mine x2  
  63  6:32  SCV  
  68  6:38  SCV  
  69  6:43  Supply Depot  
  69  6:44  SCV  
  69  6:46  Starport Reactor  
  70  6:50  SCV  
  70  6:51  Widow Mine  
  70  6:52  Marine, Armory  
  73  6:59  Marine  
  67  7:10  Marine  
  65  7:17  Marine, Factory Reactor  
  66  7:25  Missile Turret  
  66  7:28  Marine  
  66  7:35  Viking  
  66  7:36  Viking  
  70  7:58  Supply Depot  
  70  8:19  SCV x2, Widow Mine x3  
  78  8:28  Command Center  
  78  8:33  SCV x2  
  77  8:34  Marine x2  
  77  8:40  Missile Turret  
  77  8:41  Widow Mine  
  78  8:45  SCV  
  78  8:46  SCV  
  76  8:52  Marine x2  
  78  9:09  Supply Depot  
  78  9:10  Terran Ship Weapons Level 1  
  78  9:15  Factory  
  78  9:16  Supply Depot  
  78  9:22  Command Center  
  78  9:28  SCV  
  78  9:29  Viking, Widow Mine, Drilling Claws  
  78  9:30  SCV, Marine x2, Viking  
  78  9:31  Widow Mine x2  
  86  9:38  Widow Mine  
  88  9:41  SCV  
  88  9:43  Supply Depot  
  88  9:44  Supply Depot  
  89  9:45  SCV  
  89  9:48  Marine x2, Missile Turret  
  89  9:50  Widow Mine  
  90  9:56  Widow Mine x2  
  94  10:01  Factory Reactor  
  94  10:05  Widow Mine  
  94  10:06  SCV x2, Marine x2  
  100  10:08  Hi-Sec Auto Tracking, Command Center  
  100  10:11  Widow Mine  
  102  10:23  Marine, Viking  
  94  10:39  Marine  
  67  10:50  Supply Depot  
  61  11:01  Missile Turret  
  61  11:05  Terran Vehicle Weapons Level 1  
  61  11:09  Widow Mine x6  
  73  11:16  SCV x2  
  73  11:18  Viking  
  77  11:22  Missile Turret  
  77  11:28  SCV x2  
  77  11:30  Widow Mine x3  
  77  11:31  Supply Depot  
  85  11:36  Marine  
  85  11:39  Siege Tank  
  89  11:41  SCV x2  
  91  12:06  Planetary Fortress  
  91  12:11  Refinery  
  91  12:12  Siege Tank x2  
  91  12:13  Refinery  
  91  12:14  Widow Mine x4  
  105  12:18  Missile Turret  
  105  12:20  Marine  
  105  12:21  Marine  
  105  12:38  Marine  
  106  12:47  Missile Turret  
  106  12:50  SCV  
  106  12:51  SCV x2  
  109  12:57  Viking x2  
  113  12:59  Siege Tank x2  
  113  13:00  Widow Mine x2  
  123  13:05  Supply Depot  
  123  13:08  Marine x2  
  121  13:25  Marine  
  121  13:26  Marine  
  121  13:27  Viking x2  
  94  13:36  Thor x2  
  95  13:43  Marine  
  95  13:44  Marine  
  89  14:00  Command Center  
  89  14:01  Marine, Viking  
  89  14:02  Marine, Hellion, Viking  
  67  14:19  Marine x2  
  53  14:31  Viking  
  43  14:58  Orbital Command  
  35  15:06  Widow Mine x4  
  42  15:08  Viking x2  
Tags
 
Add a new tag
Caveats
  • Supply blocks, unpowered buildings, or Contaminate may cause inaccurate times.
  • Supply counts are checked every 10 seconds.